 Dungeon Crawl Stone Soup version 0.17-a0-764-gd40c196 (webtiles) character file.

107 tesudzi the Twirler (level 4, -10/35 HPs)
             Began as a Demonspawn Gladiator on Apr 23, 2015.
             Was an Initiate of Trog.
             Killed by divine providence
             ... invoked by an orc priest
              (14 damage)
             ... on level 3 of the Dungeon.
             The game lasted 00:08:30 (3052 turns).

tesudzi the Twirler (Demonspawn Gladiator)          Turns: 3052, Time: 00:08:30

Health: -10/35     AC:  6    Str: 15    XL:     4   Next: 56%
Magic:  4/4        EV: 12    Int: 12    God:    Trog [......]
Gold:   84         SH:  0    Dex: 15    Spells: 0 memorised, 3 levels left

rFire  + . .     SeeInvis .     a - +1 quarterstaff
rCold  x . .     Clarity  .     b - +0 leather armour
rNeg   . . .     SustAb   .     (no shield)
rPois  .         Gourm    .     t - +0 helmet
rElec  .         Spirit   .     (no cloak)
rCorr  .         Warding  .     (no gloves)
rMut   .         Stasis   .     (no boots)
MR     .....                    (no amulet)
Stlth  ++........               o - ring of fire
                                D - +3 ring of intelligence

@: lethally poisoned (-10 -> -11), not resistant to hostile enchantments,
unstealthy
A: yellow scales 1, nightstalker 1
a: Burn Spellbooks, Renounce Religion


You were on level 3 of the Dungeon.
You worshipped Trog.
Trog was noncommittal.
You were not hungry.

You visited 1 branch of the dungeon, and saw 3 of its levels.

You collected 84 gold pieces.

Inventory:

Hand weapons
 a - a +1 quarterstaff (weapon)
 G - a +0 blowgun
Missiles
 d - 2 throwing nets (quivered)
 x - 8 curare-tipped needles
 H - 2 poisoned needles
Armour
 b - a +0 leather armour (worn)
 c - a +0 helmet
 f - a +0 helmet
 t - a +0 helmet (worn)
Jewellery
 k - a +2 ring of intelligence
 o - a ring of fire (right hand)
 D - a +3 ring of intelligence (left hand)
 E - an uncursed ring of teleportation
Magical devices
 y - a wand of flame (7)
Scrolls
 i - a scroll of enchant armour {unknown}
 l - a scroll of fear
 n - 3 scrolls of amnesia
 q - 5 scrolls of random uselessness
 r - a scroll of noise
 s - a scroll of recharging {unknown}
 u - a scroll of identify {unknown}
Potions
 h - a potion of brilliance {unknown}
 m - a potion of haste {unknown}
 p - a potion of cancellation {unknown}
 v - a potion of resistance {unknown}
 A - a potion of cure mutation {unknown}
 C - a potion of invisibility {unknown}
 F - a potion of lignification {unknown}
Comestibles
 e - 2 bread rations
 j - 2 meat rations
 w - a beef jerky
 z - a slice of pizza
 B - 3 fruits


   Skills:
 - Level 3.0 Fighting
 + Level 4.4 Staves
 - Level 1.7 Throwing
 - Level 2.6 Dodging


You had 3 spell levels left.
You didn't know any spells.

Dungeon Overview and Level Annotations

Branches:
Dungeon (3/15)

Altars:
Cheibriados
Qazlal
Trog


Innate Abilities, Weirdness & Mutations

You are partially covered in yellow scales (AC +2).
You are slightly more attuned to the shadows.


Message History

You feel sick.
You feel sick.
You feel sick.
You feel sick.
You feel sick.
You feel sick.
An orc and an orc priest come into view.
The orc priest shouts!
You hear a shout!
The orc shouts!
You hear a shout!
The orc priest calls down the wrath of Beogh upon you.
Something smites you!
* * * LOW HITPOINT WARNING * * *
Drink which item? (? for menu, Esc to quit)
You feel much better.
You feel sick.
The orc priest mumbles some strange prayers to Beogh against you.
Something smites you!
* * * LOW HITPOINT WARNING * * *
You feel sick.
The orc priest invokes the aid of Beogh against you.
Something smites you!
You die...

.# o# .# ###
.#%.. ###..#
#.o..# #.#..#
#######.#.#...
#.@.....o.#
.##
#.#####.### #
#.# #.# . #.#
#.# ..# #.#
#.# #.# #.#
#.# #.# #.#
#<# #.## #.#
#.# ###... #.#
#.######.....


You could see an orc priest.

Vanquished Creatures
  Terence (D:3)
  An adder (D:3)
  5 worms (D:2)
  5 giant geckos
  An orc (D:3)
  5 giant cockroaches
  10 hobgoblins
  4 jackals (D:2)
  5 bats
  4 goblins
  4 kobolds
  2 quokkas
  7 rats
54 creatures vanquished.

Vanquished Creatures (others)
  A hobgoblin (D:2)
1 creature vanquished.

Grand Total: 55 creatures vanquished

Notes
Turn   | Place    | Note
--------------------------------------------------------------
     0 | D:1      | tesudzi, the Demonspawn Gladiator, began the quest for the Orb.
     0 | D:1      | Reached XP level 1. HP: 16/16 MP: 1/1
   301 | D:1      | Gained mutation: You are partially covered in yellow scales (AC +2). [demonic ancestry]
   301 | D:1      | Reached XP level 2. HP: 6/23 MP: 2/2
  1166 | D:2      | Reached skill level 3 in Fighting
  1321 | D:2      | Gained mutation: You are slightly more attuned to the shadows. [demonic ancestry]
  1321 | D:2      | Reached XP level 3. HP: 18/29 MP: 3/3
  1455 | D:2      | Found a snail-covered altar of Cheibriados.
  1571 | D:2      | Noticed a moth of wrath
  1574 | D:2      | Found a bloodstained altar of Trog.
  2001 | D:2      | Became a worshipper of Trog the Wrathful
  2299 | D:2      | Found a stormy altar of Qazlal.
  2525 | D:3      | Reached XP level 4. HP: 35/35 MP: 4/4
  2565 | D:3      | Noticed Terence
  2582 | D:3      | Killed Terence
  2582 | D:3      | Reached skill level 4 in Staves
  3044 | D:3      | HP: 1/35 [orc priest/divine providence (14)]
  3052 | D:3      | Killed from afar by an orc priest

Action                   |  1- 3 |  4- 6 || total
-------------------------+-------+-------++-------
Melee: Quarterstaff      |   133 |    46 ||   179
Throw: Throwing net      |     1 |       ||     1
  Use: Scroll            |     6 |       ||     6
       Potion            |       |     2 ||     2
 Stab: Sleeping          |     1 |       ||     1
  Eat: Chunk             |     5 |     1 ||     6
       Bread ration      |       |     1 ||     1
